 Dungeon Crawl Stone Soup version 0.30-a0-626-gd6a5dd7a1f (webtiles) character file.

Game seed: 9286691006192384821

410559 KennySheep the Pyromancer (level 24, -1/146 HPs)
             Began as a Formicid Earth Elementalist on Jan 10, 2023.
             Was an Initiate of Gozag.
             Killed from afar by an ancient lich (55 damage)
             ... with a crystal spear
             ... on level 2 of the Depths on Jan 11, 2023.
             The game lasted 06:39:26 (83614 turns).

KennySheep the Pyromancer (FoEE)                   Turns: 83614, Time: 06:39:26

Health: -1/146     AC: 20    Str: 17    XL:     24   Next: 63%
Magic:  22/44      EV: 13    Int: 29    God:    Gozag
Gold:   1444       SH: 15    Dex: 14    Spells: 6/58 levels left

rFire   + + +      SeeInvis +    a - staff of fire
rCold   + + .      Faith    .    L - +2 shield of Resistance {rF++ rC++ Will++}
rNeg    + + +      Spirit   .    M - +5 steam dragon scales
rPois   .          Reflect  .    (helmet unavailable)
rElec   +          Harm     .    n - +2 cloak of the Thief {*Fog Slay-2 SInv Stlth+}
rCorr   .          Rampage  ∞    e - +1 pair of gloves of the Lair of Beasts {*Corrode Will+++ Str-4 Int+6}
Will    +++++                    k - +3 pair of seven-league boots {Rampage+∞}
Stlth   ++++++                   K - amulet "Ofiumiab" {rN++ Will+ Regen+}
HPRegen 2.04/turn                X - ring "Boxaeffu" {Drain Fly rC+ rN+++ Str+4}
MPRegen 0.29/turn                V - ring of the Cicada {Fire rElec Slay+3}

@: gold aura, flying, studying 3 skills
A: permanent stasis, dig shafts and tunnels, antennae 3, four strong arms,
talons 1, camouflage 1, frail 1, regeneration 1
}: 2/15 runes: serpentine, barnacled
a: Dig, Shaft Self, Renounce Religion, Potion Petition, Call Merchant, Bribe
Branch


You were on level 2 of the Depths.
You worshipped Gozag.
Gozag was most pleased with you.
You visited 10 branches of the dungeon, and saw 43 of its levels.
You also visited: Trove, Sewer, Bailey and Ice Cave.

You collected 21936 gold pieces.
You spent 12190 gold pieces at shops.
You paid 8302 gold pieces to Gozag.

Inventory:

Hand Weapons
 w - the +8 Vampire's Tooth {vamp}
   (You found it on level 4 of the Shoals)

   It occasionally heals its wielder for the full amount of damage dealt when it
   wounds a living foe.
Armour
 e - the +1 pair of gloves of the Lair of Beasts (worn) {*Corrode Will+++ Str-4 Int+6}
   (You acquired it on level 5 of the Dungeon)

   Str:       It affects your strength (-4).
   Int:       It affects your intelligence (+6).
   *Corrode:  It may corrode you when you take damage.
   Will:      It greatly increases your willpower.
 k - the +3 pair of seven-league boots (worn) {Rampage+∞}
   (You bought it in a shop on level 2 of the Orcish Mines)

   Its wearer moves as far as possible in that direction when moving towards
   enemies.
 n - the +2 cloak of the Thief (worn) {*Fog Slay-2 SInv Stlth+}
   (You bought it in a shop on level 4 of the Dungeon)

   It may release a thick cloud of smoke when the wearer is hurt.
   Slay:      It affects your accuracy & damage with ranged weapons and melee
   (-2).
   SInv:      It lets you see invisible.
   Stlth:     It makes you more stealthy.
 L - the +2 shield of Resistance (worn) {rF++ rC++ Will++}
   (You bought it in a shop on level 1 of the Snake Pit)

   rF:        It greatly protects you from fire.
   rC:        It greatly protects you from cold.
   Will:      It greatly increases your willpower.
 M - +5 steam dragon scales (worn)
Magical Staves
 a - a staff of fire (weapon)
 b - a staff of conjuration
Jewellery
 y - the ring of Paranoia {+Blink rElec rF- rN+ Str+10}
   (You found it on level 3 of the Crypt)

   [ring of positive energy]

   Str:       It affects your strength (+10).
   rF:        It makes you vulnerable to fire.
   rElec:     It insulates you from electricity.
   rN:        It protects you from negative energy.
   +Blink:    It lets you blink.
 J - a +6 ring of intelligence
 K - the amulet "Ofiumiab" (around neck) {rN++ Will+ Regen+}
   (You bought it in a shop on level 4 of the Dungeon)

   [amulet of regeneration]

   rN:        It greatly protects you from negative energy.
   Regen:     It increases your rate of health regeneration.
   Will:      It increases your willpower.
 V - the ring of the Cicada (right hand) {Fire rElec Slay+3}
   (You bought it in a shop on level 4 of the Dungeon)

   [ring of fire]

   It enhances your fire magic.
   Slay:      It affects your accuracy & damage with ranged weapons and melee
   (+3).
   rF:        It protects you from fire.
   rC:        It makes you vulnerable to cold.
   rElec:     It insulates you from electricity.
 X - the ring "Boxaeffu" (left hand) {Drain Fly rC+ rN+++ Str+4}
   (You found it on level 4 of the Shoals)

   [ring of protection from cold]

   Str:       It affects your strength (+4).
   rC:        It protects you from cold.
   rN:        It renders you almost immune to negative energy.
   Fly:       It grants you flight.
   Drain:     It drains your maximum health when unequipped.
Wands
 o - a wand of mindburst (9)
 D - a wand of charming (42)
 F - a wand of light (11)
 H - a wand of roots (30)
 I - a wand of polymorph (2)
 N - a wand of digging (6)
 S - a wand of flame (75)
Scrolls
 c - 9 scrolls of enchant weapon
 d - 9 scrolls of fog
 j - 4 scrolls of brand weapon
 m - 2 scrolls of enchant armour
 t - 3 scrolls of fear
 u - 5 scrolls of immolation
 x - 2 scrolls of amnesia
 B - 7 scrolls of vulnerability
 C - 5 scrolls of poison
 E - a scroll of summoning
 P - 28 scrolls of identify
 R - 4 scrolls of magic mapping
 W - a scroll of silence
Potions
 f - 3 potions of cancellation
 g - 16 potions of curing
 h - 6 potions of lignification
 i - 9 potions of mutation
 l - 4 potions of resistance
 p - 6 potions of might
 q - 4 potions of ambrosia
 s - 8 potions of attraction
 z - 12 potions of heal wounds
 A - 5 potions of brilliance
 O - 5 potions of flight
 T - 2 potions of invisibility
Miscellaneous
 r - a phantom mirror
 v - a condenser vane
 Q - a box of beasts
 U - a lightning rod (4/4)


   Skills:
 - Level 7.0 Fighting
 - Level 5.8(6.3) Short Blades
 - Level 3.4(5.1) Long Blades
 - Level 6.5 Staves
 - Level 3.0 Armour
 - Level 5.2 Dodging
 - Level 9.0 Stealth
 - Level 15.6 Shields
 * Level 17.7 Spellcasting
 - Level 15.1 Conjurations
 - Level 6.7 Hexes
 + Level 13.3 Summonings
 + Level 11.5 Translocations
 - Level 1.1 Transmutations
 - Level 21.1 Fire Magic
 - Level 9.3 Earth Magic
 - Level 9.2 Evocations


You had 6 spell levels left.
You knew the following spells:

 Your Spells              Type           Power      Damage    Failure   Level
a - Ignition              Fire           73%        3d19      2%          8
b - Passwall              Tmut/Erth      45%        N/A       1%          2
c - Iskenderun's Mystic   Conj/Tloc      80%        2d16      1%          4
d - Orb of Destruction    Conj           42%        9d12      4%          7
e - Fire Storm            Conj/Fire      69%        8d18      83%         9
f - Dispersal             Tloc           37%        N/A       3%          6
h - Vhi's Electric Charg  Tloc/Air       100%       N/A       1%          3
i - Starburst             Conj/Fire      69%        6d18      1%          6
z - Spellforged Servitor  Conj/Summ      41%        N/A       6%          7

Your spell library contained the following spells:

 Spells                   Type           Power      Damage    Failure   Level
 Foxfire                  Conj/Fire      100%       2x1d9     0%          1
 Magic Dart               Conj           100%       1d8       0%          1
 Summon Small Mammal      Summ           100%       N/A       0%          1
 Call Imp                 Summ           80%        N/A       0%          2
 Momentum Strike          Conj/Tloc      100%       3d10      0%          2
 Scorch                   Fire           100%       2d10      0%          2
 Searing Ray              Conj           100%       2d8       0%          2
 Flame Wave               Conj/Fire      100%       2d21      0%          4
 Apportation              Tloc           100%       N/A       1%          1
 Beastly Appendage        Tmut           64%        N/A       1%          1
 Kiss of Death            Conj/Necr      100%       2d13      1%          1
 Sandblast                Erth           100%       2d20      1%          1
 Shock                    Conj/Air       100%       1d9       1%          1
 Slow                     Hex            100%       N/A       1%          1
 Sting                    Tmut/Pois      100%       1d8       1%          1
 Ensorcelled Hibernation  Hex/Ice        90%        N/A       1%          2
 Static Discharge         Conj/Air       100%       2-7/arc   1%          2
 Call Canine Familiar     Summ           80%        N/A       1%          3
 Confusing Touch          Hex            59%        N/A       1%          3
 Dazzling Flash           Conj/Hex       100%       N/A       1%          3
 Gell's Gravitas          Tloc           75%        N/A       1%          3
 Hailstorm                Conj/Ice       63%        3d13      1%          3
 Ignite Poison            Fire/Tmut/Pois 100%       N/A       1%          3
 Kindle Blastsparks       Fire/Tloc/Air  100%       2d18      1%          3
 Lesser Beckoning         Tloc           100%       N/A       1%          3
 Mephitic Cloud           Conj/Pois/Air  53%        N/A       1%          3
 Portal Projectile        Hex/Tloc       100%       N/A       1%          3
 Stone Arrow              Conj/Erth      100%       3d13      1%          3
 Summon Guardian Golem    Hex/Summ       71%        N/A       1%          3
 Teleport Other           Tloc           75%        N/A       1%          3
 Tukima's Dance           Hex            59%        N/A       1%          3
 Animate Armour           Summ/Erth      100%       N/A       1%          4
 Cause Fear               Hex            29%        N/A       1%          4
 Leda's Liquefaction      Hex/Erth       32%        N/A       1%          4
 Manifold Assault         Tloc           75%        N/A       1%          4
 Passage of Golubria      Tloc           75%        N/A       1%          4
 Summon Ice Beast         Ice/Summ       59%        N/A       1%          4
 Summon Lightning Spire   Summ/Air       59%        N/A       1%          4
 Fireball                 Conj/Fire      69%        3d26      1%          5
 Iskenderun's Battlesphe  Conj           85%        2d13      1%          5
 Lee's Rapid Deconstruct  Erth           34%        3d17*     1%          5
 Summon Forest            Summ/Tloc      39%        N/A       1%          5
 Summon Mana Viper        Hex/Summ       71%        N/A       1%          5
 Summon Cactus Giant      Summ           40%        N/A       1%          6
 Freeze                   Ice            100%       1d10      2%          1
 Necrotise                Necr           100%       1d9       2%          1
 Wereblood                Tmut           32%        N/A       2%          2
 Irradiate                Conj/Tmut      32%        3d22      2%          5
 Iron Shot                Conj/Erth      38%        9d8       2%          6
 Cigotuvi's Dreadful Rot  Necr/Pois/Air  50%        N/A       3%          2
 Sublimation of Blood     Necr           25%        N/A       3%          2
 Petrify                  Tmut/Erth      54%        N/A       3%          4
 Arcjolt                  Conj/Air       31%        1d41      3%          5
 Lightning Bolt           Conj/Air       31%        1d48      3%          5
 Spider Form              Tmut/Pois      28%        N/A       6%          3
 Anguish                  Hex/Necr       22%        N/A       6%          4
 Frozen Ramparts          Ice            50%        1d8       8%          3
 Vampiric Draining        Necr           25%        2d7       8%          3
 Freezing Cloud           Conj/Ice/Air   26%        6-21      9%          5
 Borgnjor's Vile Clutch   Necr/Erth      26%        N/A       11%         5
 Yara's Violent Unravell  Hex/Tmut       24%        3d11      14%         5
 Conjure Ball Lightning   Conj/Air       31%        3x3d10    17%         6
 Silence                  Hex/Air        22%        N/A       19%         5
 Ice Form                 Ice/Tmut       28%        N/A       21%         4
 Airstrike                Air            12%        2d(2-18)  26%         4
 Dispel Undead            Necr           25%        3d12      26%         4
 Blade Hands              Tmut           16%        N/A       41%         5
 Agony                    Necr           25%        N/A       56%         5
 Eringya's Noxious Bog    Tmut/Pois      14%        N/A       97%         6
 Death Channel            Necr           12%        N/A       98%         6
 Summon Hydra             Summ           40%        N/A       9%          7
 Malign Gateway           Summ/Tloc      39%        N/A       13%         7
 Summon Horrible Things   Summ           40%        N/A       56%         8
 Haunt                    Necr/Summ      29%        N/A       80%         7
 Disjunction              Tloc           37%        N/A       82%         8
 Dragon Form              Tmut           16%        N/A       100%        7
 Storm Form               Tmut/Air       14%        N/A       100%        7
 Discord                  Hex            29%        N/A       100%        8
 Maxwell's Capacitive Co  Air            12%        ∞         100%        8
 Dragon's Call            Summ           40%        N/A       100%        9
 Blink                    Tloc           Unusable   N/A       N/A         2
 Swiftness                Air            Unusable   N/A       N/A         3

Dungeon Overview and Level Annotations

Branches:
Dungeon (15/15)            Temple (1/1) D:4            Lair (5/5) D:11
 Shoals (4/4) Lair:3        Snake (4/4) Lair:2        Slime (0/5) Lair:4
    Orc (2/2) D:10            Elf (3/3) Orc:2        Vaults (4/5) D:14
  Crypt (3/3) Vaults:2       Tomb (0/3) Crypt:3      Depths (2/4) D:15
  Sewer (visited)          Bailey (visited)           IceCv (visited)

Altars:
Ashenzari
Cheibriados
Dithmenos
Elyvilon
Fedhas
Gozag
Hepliaklqana
Kikubaaqudgha
Makhleb
Nemelex Xobeh
Okawaru
Qazlal
Ru
Sif Muna
Trog
Uskayaw
Vehumet
Wu Jian
Xom
Yredelemnul
Zin
The Shining One

Shops:
D:3 :   D:4 =[*   D:10 !   Orc:1 *   Orc:2 *[:(((!   Shoals:1 :?*   Shoals:3 :
Snake:1 (([=[[   Snake:2 :==   Snake:3 (   Vaults:3 !   Crypt:3 [!   Depths:1 ?

Portals:
Hell: Depths:1
Abyss: Depths:2
Pandemonium: Depths:1

Annotations:
Lair:1 voltaire321's ghost, journeyman MfGl
Elf:2 3 runed translucent doors
Crypt:1 3 runed translucent doors, Zivuv's ghost, veteran FoFi
Depths:2 2 transporters, Gucap's ghost, master GrFi


Innate Abilities, Weirdness & Mutations

You cannot be hasted, slowed, berserked, paralysed or teleported.
You can dig through walls and to a lower floor.
You have a pair of large antennae on your head. (SInv)
Your four strong arms can wield two-handed weapons with a shield.
You have sharp toenails.
Your skin changes colour to match your surroundings (Stealth+).
You are frail. (-10% HP)
Your natural rate of healing is unusually fast.


Message History

You feel a huge surge of power!
The bolt of fire hits the ancient lich!!
The ancient lich resists.
The ancient lich is almost destroyed.
The ancient lich barely misses you.
The ancient lich points at you and mumbles some strange words.
The bolt of acid misses you. [a] - 290 gold - resistance [b] - 506 gold - lignification, might, resistance and heal wounds [c] - 350 gold - resistance and might Purchase which effect?
You turn into a tree.
The +2 cloak of the Thief {*Fog Slay-2 SInv Stlth+} melds into your body.
The +1 pair of gloves of the Lair of Beasts {*Corrode Will+++ Str-4 Int+6} melds into your body.
The +3 pair of seven-league boots {Rampage+∞} melds into your body.
Your +5 steam dragon scales melds into your body.
You no longer feel ready to stride towards your foes.
Your roots penetrate the ground.
You feel mightier all of a sudden.
You feel protected.
You feel much better.
Something touches you but does no damage.
Deactivating autopickup; reactivate with Ctrl-A.
Casting: Starburst (mildly dangerous; 1% risk of failure)
Confirm with . or Enter, or press ? or * to list all spells.
Okay, then.
Your magical effects are unravelling.
You feel magically purged.
You feel less wooden.
The +2 cloak of the Thief {*Fog Slay-2 SInv Stlth+} unmelds from your body.
The +1 pair of gloves of the Lair of Beasts {*Corrode Will+++ Str-4 Int+6} unmelds from your body.
The +3 pair of seven-league boots {Rampage+∞} unmelds from your body.
Your +5 steam dragon scales unmelds from your body.
Reactivating autopickup.
You feel ready to stride towards your foes.
You feel a little less mighty now.
You feel a little less clever now.
Your resistance to elements expires.
You are no longer corroded.
The ancient lich gestures at you while chanting.
The crystal spear hits you!!!
You die...
Your body crumbles into a pile of gold.

#∩.......♣#.##...# .#..
#♣...♣♣...#..##.# .#.#
'..♣.⌠...)'...}#)...'..
#........♣#....##...#.#
#.♣.......##....#...#
#.....♣♣.♣###...#..##
#.....♣..♣ ##.9$.##
#####'#########L########
. ... ......§§@§§..... .
###.#..#'#§§§§§..#.. {
T# #. ####§#### ## # +
.. #. ..# #. ..# #. ###
#< #<$ +..


You could see an ancient lich (fast, invisible) and a friendly spellforged
servitor (summoned).

Vanquished Creatures
  A dread lich (Crypt:3)
  An ancient lich (Depths:2)
  Bai Suzhen (Vaults:3)
  Xtahua (Vaults:3)
  Nikola (Shoals:1)
  Jorgrun (Orc:1)
  Zenata (Crypt:1)
  3 liches
  2 deep elf blademasters (Elf:3)
  2 deep elf master archers (Elf:3)
  3 sphinxes
  2 ancient champions (Crypt:2)
  Polyphemus (Shoals:4)
  3 tengu reavers
  3 nagarajas (Snake:4)
  Donald (Vaults:2)
  A fire giant (Depths:1)
  A frost giant (Depths:2)
  7 vault wardens
  4 deep elf sorcerers (Elf:3)
  A caustic shrike zombie (Crypt:3)
  4 orc warlords
  A deep elf elementalist (Elf:3)
  12 very ugly things
  3 stone giants (Depths:1)
  A reaper (Crypt:3)
  2 spriggan defenders
  10 ironbound preservers
  4 ironbound thunderhulks
  18 vampire knights
  3 deep elf demonologists (Elf:3)
  A dire elephant (Vaults:4)
  6 deep elf annihilators (Elf:3)
  8 deep elf death magi
  An eidolon (Crypt:2)
  A crystal guardian (Vaults:4)
  4 merfolk impalers
  3 ettins
  A fire dragon (Depths:1)
  A spectral spriggan (Depths:1)
  6 merfolk javelineers (Shoals:4)
  An entropy weaver (Vaults:4)
  2 salamander tyrants (Snake:4)
  3 great orbs of eyes
  A rakshasa (Depths:2)
  2 ice dragons
  3 deep elf high priests
  12 yaktaur captains
  12 jiangshi
  A hydra (Lair:4)
  13 vault guards
  A fenstrider witch zombie (Crypt:3)
  A hell beast (Depths:1)
  A spriggan zombie (Crypt:3)
  A peacekeeper (Vaults:4)
  2 spriggan air magi (Depths:2)
  10 centaur warriors
  A merfolk avatar (Shoals:4)
  An ogre mage (D:13)
  A bennu zombie (Crypt:3)
  A fenstrider witch skeleton (Crypt:1)
  A death knight (D:15)
  4 ironbound frosthearts
  3 catoblepae
  10 dancing weapons
  4 two-headed ogres
  A titan zombie (Vaults:4)
  A deep troll earth mage (Depths:2)
  13 anacondas
  A satyr (Shoals:3)
  3 merfolk aquamancers
  A death yak (Shoals:4)
  3 deep troll shamans
  4 boulder beetles
  An alligator snapping turtle (Shoals:1)
  11 naga warriors
  An orc high priest (Orc:2)
  7 naga sharpshooters
  16 vampire magi
  4 shock serpents
  2 spriggan berserkers (Depths:2)
  2 soul eaters
  Urug (Lair:2)
  3 deep elf knights
  Nergalle (D:11)
  Lodul (D:12)
  4 hell knights
  A shadow wraith (Crypt:3)
  18 deep trolls
  3 goliath frogs (Lair:5)
  5 sea snakes
  2 flayed ghosts (Crypt:3)
  21 skeletal warriors
  An anaconda zombie (Crypt:3)
  8 wizards
  A spectral hydra (Lair:1)
  A glowing orange brain (Depths:2)
  2 deep elf archers
  A swamp dragon (Snake:1)
  An orb spider (shapeshifter) (Vaults:3)
  A swamp dragon (shapeshifter) (D:15)
  24 phantasmal warriors
  16 ironbound convokers
  6 lindwurms
  8 naga ritualists
  4 orc knights
  8 mana vipers
  A fire giant zombie (Crypt:1)
  10 deep elf pyromancers
  43 harpies
  4 necromancers
  5 orc sorcerers (Orc:2)
  12 deep elf zephyrmancers
  A jorogumo zombie (Crypt:3)
  A stone giant zombie (Vaults:4)
  3 fauns (Shoals:2)
  7 cyclopes
  48 ugly things
  4 oklob plants (Lair:3)
  13 manticores
  3 salamanders
  A stone giant skeleton (Vaults:4)
  26 black mambas
  12 merfolk sirens
  5 elephants
  A sphinx skeleton (Crypt:3)
  An iron dragon skeleton (Crypt:1)
  7 nameless horrors
  A dire elephant zombie (Crypt:3)
  Maurice (Orc:1)
  An ice statue (D:14)
  Joseph (D:7)
  A gargoyle (D:11)
  A frost giant skeleton (Vaults:4)
  24 cane toads
  7 water nymphs
  10 naga magi
  16 vault sentinels
  6 guardian serpents
  An alligator snapping turtle zombie (Crypt:3)
  A torpor snail (Lair:2)
  2 black draconian zombies (Crypt:2)
  An efreet (D:14)
  2 unseen horrors
  A freezing wraith (D:15)
  Maggie (D:7)
  33 yaktaurs
  A guardian mummy (Crypt:3)
  A rime drake (Lair:5)
  3 komodo dragons
  19 merfolk
  2 tyrant leeches (Lair:5)
  A hellwing (Depths:1)
  Prince Ribbit (Bailey)
  5 trolls
  A shadow dragon simulacrum (Vaults:4)
  3 wind drakes
  6 polar bears
  A tarantella (shapeshifter) (Vaults:2)
  8 blink frogs (Lair:5)
  A jumping spider zombie (Crypt:2)
  8 snapping turtles
  2 flying skulls (Crypt:1)
  An ettin zombie (Crypt:3)
  30 slime creatures
  A vampire (D:11)
  An air elemental (Elf:1)
  8 wraiths
  A fire elemental (Elf:1)
  4 humans (Bailey)
  2 fire bats (D:5)
  An ice dragon skeleton (Crypt:1)
  2 basilisks
  14 water elementals
  51 yaks
  5 wyverns
  A steam dragon (D:7)
  A death yak simulacrum (Lair:1)
  A spectral komodo dragon (Lair:1)
  A deep troll zombie (Crypt:3)
  A spectral cane toad (Lair:1)
  A redback (D:13)
  8 vampire mosquitoes
  A naga zombie (Crypt:3)
  4 wargs
  24 nagas
  An acid dragon (D:12)
  10 water moccasins
  Duvessa (D:6)
  7 ice beasts (D:14)
  4 black bears
  2 black mamba simulacra (Lair:1)
  A sky beast (D:8)
  26 orc warriors
  A blink frog zombie (Crypt:1)
  18 ogres
  6 wolves (Lair:5)
  3 centaurs
  2 phantoms
  Blork the orc (D:6)
  A kobold brigand (D:10)
  A necrophage (D:6)
  A scorpion (D:7)
  23 bullfrogs
  A komodo dragon skeleton (Crypt:2)
  A human skeleton (Vaults:4)
  An earth elemental (Elf:1)
  A gnoll sergeant (D:6)
  3 wights (D:7)
  A queen bee zombie (Crypt:1)
  Dowan (D:6)
  A troll zombie (Crypt:1)
  9 howler monkeys
  2 warg skeletons
  2 shapeshifter skeletons
  7 electric eels
  A wolf skeleton (Crypt:2)
  3 lava snakes (Lair:2)
  2 jellies
  23 orc priests
  A black bear skeleton (Crypt:2)
  5 iguanas
  39 orc wizards
  12 mummies (Crypt:3)
  6 adders
  7 gnolls
  A river rat (D:5)
  2 white imps
  An iguana zombie (Crypt:3)
  3 worms (D:2)
  A dart slug (D:2)
  75 orcs
  10 bats
  5 endoplasms
  4 giant cockroaches
  4 goblins
  8 hobgoblins
  3 quokkas
  9 ball pythons
  A goblin zombie (Crypt:1)
  10 kobolds
  An orc skeleton (Crypt:1)
  7 rats
  A plant (Shoals:2)
1366 creatures vanquished.

Vanquished Creatures (collateral kills)
  Frederick (Vaults:4)
  Saint Roka (Snake:4)
  Vashnia (Snake:4)
  An ancient champion (Vaults:2)
  A revenant (Crypt:2)
  A fire giant (Vaults:4)
  2 deep elf sorcerers (Elf:3)
  Aizul (Snake:4)
  A vault warden (Vaults:2)
  2 deep elf elementalists (Elf:3)
  2 ironbound preservers
  A reaper (Crypt:2)
  An ironbound thunderhulk (Vaults:2)
  A stone giant (Depths:2)
  3 vampire knights
  2 deep elf annihilators (Elf:3)
  3 deep elf demonologists (Elf:3)
  An eidolon (Crypt:2)
  2 fire dragons (Depths:2)
  7 jiangshi
  A deep elf death mage (Vaults:2)
  A deep elf high priest (Elf:1)
  2 merfolk impalers (Shoals:4)
  A vault guard (D:14)
  A catoblepas (Shoals:4)
  A spriggan air mage (Depths:1)
  A merfolk aquamancer (Shoals:4)
  2 anacondas (Snake:4)
  An alligator snapping turtle (Shoals:4)
  4 dancing weapons
  A death knight (Crypt:1)
  3 deep troll shamans
  2 death yaks (Shoals:4)
  A tengu warrior (Depths:1)
  3 deep troll earth magi
  6 naga warriors
  An orc high priest (Elf:1)
  A vampire mage (Depths:1)
  4 hell knights (Depths:1)
  5 naga sharpshooters
  An iron troll (Depths:2)
  A sea snake (Shoals:4)
  A spark wasp zombie (Depths:1)
  12 deep trolls
  7 skeletal warriors
  A deep elf archer (Elf:1)
  2 ironbound convokers
  7 phantasmal warriors
  A naga ritualist (Snake:2)
  2 flayed ghosts
  A shadow dragon zombie (Crypt:3)
  3 orc knights
  3 lindwurms
  5 deep elf zephyrmancers
  A harpy (Shoals:4)
  An iron dragon zombie (Crypt:3)
  7 deep elf pyromancers
  A sphinx zombie (Depths:1)
  A wizard (Vaults:2)
  A mana viper (shapeshifter) (Depths:1)
  11 ugly things
  3 orc sorcerers (Elf:1)
  3 salamanders (Snake:4)
  A nameless horror (Elf:3)
  A black mamba (Snake:2)
  3 naga magi (Snake:4)
  2 manticores (Shoals:4)
  4 guardian serpents
  3 merfolk sirens (Shoals:4)
  A vault sentinel (Vaults:2)
  An orange demon (Depths:1)
  2 yaktaurs (Vaults:2)
  A red draconian skeleton (Crypt:2)
  9 merfolk (Shoals:4)
  A wind drake (Shoals:4)
  A harpy zombie (Crypt:3)
  A snapping turtle (Shoals:4)
  7 slime creatures (Vaults:1)
  A boulder beetle zombie (Crypt:2)
  7 flying skulls (Crypt:1)
  2 water elementals (Shoals:4)
  A warg (Snake:4)
  12 nagas
  A human skeleton (Depths:1)
  2 orc warriors (Snake:4)
  An earth elemental (Elf:3)
  A glowing shapeshifter simulacrum (Depths:1)
  A lava snake zombie (Crypt:2)
  A jackal zombie (Crypt:2)
221 creatures vanquished.

Vanquished Creatures (others)
  A jiangshi (Crypt:3)
  2 centaur warriors
  A merfolk aquamancer (Shoals:4)
  A deep troll (Depths:2)
  2 deep elf zephyrmancers
  A rust devil (Depths:1)
  A wind drake (Shoals:4)
  A merfolk (Shoals:4)
  An orc wizard (Orc:2)
  26 fungi
  196 plants
233 creatures vanquished.

Grand Total: 1820 creatures vanquished

Notes
Turn   | Place    | Note
-------+----------+-------------------------------------------
     0 | D:1      | KennySheep the Formicid Earth Elementalist began the quest
                  | for the Orb.
     0 | D:1      | Reached XP level 1. HP: 13/13 MP: 3/3
   331 | D:1      | Reached XP level 2. HP: 19/19 MP: 0/5
  1086 | D:2      | Learned a level 2 spell: Passwall
  1106 | D:2      | Reached XP level 3. HP: 24/24 MP: 4/6
  1536 | D:2      | Reached skill level 5 in Earth Magic
  1775 | D:2      | Reached XP level 4. HP: 30/30 MP: 5/8
  1789 | D:2      | Learned a level 3 spell: Stone Arrow
  1858 | D:2      | Learned a level 3 spell: Gell's Gravitas
  2153 | D:3      | Found Jaled's Vocational Training.
  2199 | D:3      | Reached XP level 5. HP: 35/35 MP: 6/9
  2308 | D:3      | Reached skill level 1 in Translocations
  2859 | D:4      | Found Kunus's Armour Shop.
  2868 | D:4      | Reached XP level 6. HP: 36/41 MP: 6/11
  2975 | D:4      | Found Yxeahec's Assorted Antiques.
  2984 | D:4      | Bought a sedimented red potion for 18 gold pieces
  2984 | D:4      | Bought a sedimented red potion for 18 gold pieces
  2984 | D:4      | Bought a scroll labelled NUIKHI LOD KAO for 21 gold pieces
  2984 | D:4      | Bought a scroll labelled MUATRE MANASA for 21 gold pieces
  3056 | D:4      | Found a staircase to the Ecumenical Temple.
  3070 | Temple   | Entered the Ecumenical Temple
  3227 | Temple   | Became a worshipper of Gozag Ym Sagoz the Greedy
  3616 | D:4      | Found Lemiur's Jewellery Emporium.
  3952 | D:5      | Entered Level 5 of the Dungeon
  3974 | D:5      | Identified a scroll of acquirement
  3974 | D:5      | Acquired the +1 pair of gloves of the Lair of Beasts
                  | {*Corrode Will+++ Str-4 Int+6}
  4119 | D:5      | Found a glowing drain.
  4131 | Sewer    | Entered a sewer
  4138 | Sewer    | Reached XP level 7. HP: 46/46 MP: 9/13
  4199 | Sewer    | Noticed a water moccasin
  4209 | Sewer    | Killed a water moccasin
  4368 | D:4      | Bought the +2 cloak of the Thief {*Fog Slay-2 SInv Stlth+}
                  | for 281 gold pieces
  4368 | D:4      | Found the +2 cloak of the Thief {*Fog Slay-2 SInv Stlth+}
  4793 | D:5      | Found a transporter.
  5116 | D:5      | Identified the +1 ring mail of Space {Str+7 Int+3 Dex-4}
  5127 | D:5      | Found a transporter.
  5362 | D:6      | Noticed Duvessa
  5363 | D:6      | Reached XP level 8. HP: 52/52 MP: 12/15
  5365 | D:6      | Noticed Dowan
  5369 | D:6      | Killed Duvessa
  5373 | D:6      | Killed Dowan
  5410 | D:6      | Reached skill level 5 in Spellcasting
  5606 | D:6      | Identified the +1 leather armour "Heakkun" {rCorr}
  5694 | D:6      | Reached skill level 1 in Fighting
  5696 | D:6      | Noticed Blork the orc
  5699 | D:6      | Killed Blork the orc
  5700 | D:6      | Reached skill level 1 in Short Blades
  5730 | D:6      | Reached XP level 9. HP: 37/59 MP: 13/16
  6221 | D:7      | Learned a level 4 spell: Leda's Liquefaction
  6240 | D:7      | Reached skill level 5 in Stealth
  6289 | D:7      | Reached skill level 1 in Hexes
  6331 | D:7      | Noticed Maggie
  6342 | D:7      | Killed Maggie
  6817 | D:7      | Noticed Joseph
  6828 | D:7      | Killed Joseph
  6829 | D:7      | Reached skill level 5 in Translocations
  6829 | D:7      | Reached XP level 10. HP: 70/70 MP: 16/19
  7138 | D:2      | Learned a level 6 spell: Dispersal
  7319 | D:8      | Found a flagged portal.
  7345 | Bailey   | Entered a bailey
  7513 | Bailey   | Noticed Prince Ribbit
  7513 | Bailey   | Noticed a vault guard
  7519 | Bailey   | Killed Prince Ribbit
  7549 | Bailey   | Killed a vault guard
  7696 | Bailey   | Noticed a vault guard
  8113 | D:9      | Reached XP level 11. HP: 70/78 MP: 10/21
  8252 | D:9      | Reached skill level 5 in Fighting
  8456 | D:9      | Identified the +0 robe of the Good {rN+ Dex+3 Slay-3}
  8584 | D:4      | Bought the amulet "Ofiumiab" {rN++ Will+ Regen+} for 531
                  | gold pieces
  8756 | D:9      | Found a shimmering blue altar of Sif Muna.
  8757 | D:9      | Found a radiant altar of Vehumet.
  9130 | D:10     | Entered Level 10 of the Dungeon
  9155 | D:10     | Found a staircase to the Orcish Mines.
  9447 | D:10     | Reached skill level 5 in Hexes
  9676 | D:10     | Learned a level 3 spell: Dazzling Flash
 10053 | D:10     | Found Fimyskoz's Distillery.
 10247 | Orc:1    | Entered Level 1 of the Orcish Mines
 10366 | Orc:1    | Noticed Maurice
 10370 | Orc:1    | Killed Maurice
 10679 | Orc:2    | Entered Level 2 of the Orcish Mines
 10704 | D:11     | Found a staircase to the Lair.
 10711 | D:11     | Reached skill level 5 in Short Blades
 10964 | D:11     | Noticed a cyclops
 11025 | Lair:1   | Entered Level 1 of the Lair of Beasts
 11034 | Lair:1   | Gained mutation: Your natural rate of healing is unusually
                  | fast. [potion of mutation]
 11034 | Lair:1   | Gained mutation: You are frail. (-10% HP) [potion of
                  | mutation]
 11034 | Lair:1   | Gained mutation: Your skin changes colour to match your
                  | surroundings (Stealth+). [potion of mutation]
 11034 | Lair:1   | Gained mutation: You have sharp toenails. [potion of
                  | mutation]
 11062 | Lair:1   | Found a frozen archway.
 11071 | IceCv    | Entered an ice cave
 11107 | Lair:1   | Reached skill level 5 in Dodging
 11367 | Lair:1   | Reached XP level 12. HP: 71/79 MP: 19/23
 11535 | Lair:1   | Learned a level 3 spell: Vhi's Electric Charge
 11688 | Lair:1   | Found a runed translucent gate.
 11688 | Lair:1   | Found a runed translucent gate.
 11688 | Lair:1   | Found a runed translucent gate.
 11694 | Lair:1   | Noticed voltaire321's ghost (journeyman MfGl)
 12299 | Lair:2   | Reached skill level 1 in Evocations
 12681 | Lair:2   | Noticed a boulder beetle
 12716 | Lair:2   | Identified the +4 scale mail of the Saviour {+Blink rPois
                  | Slay+2 Stlth+}
 12721 | Lair:2   | Noticed Urug
 12730 | Lair:2   | Killed Urug
 12963 | Lair:2   | Found a staircase to the Snake Pit.
 13622 | Lair:3   | Found a staircase to the Shoals.
 13998 | Orc:1    | Noticed Jorgrun
 14117 | D:11     | Noticed a two-headed ogre
 14125 | D:11     | Killed a two-headed ogre
 14251 | D:11     | Noticed Nergalle
 14267 | D:11     | Killed Nergalle
 14390 | D:11     | Noticed a two-headed ogre
 14433 | D:11     | Killed a two-headed ogre
 14434 | D:11     | Reached skill level 10 in Translocations
 14496 | D:11     | Noticed a two-headed ogre
 14503 | D:11     | Killed a two-headed ogre
 14504 | D:11     | Reached XP level 13. HP: 55/83 MP: 22/26
 15348 | D:3      | Bought a manual of Evocations for 960 gold pieces
 15703 | Lair:3   | Identified the +15 plate armour "Alecvoce" {rPois rF+++ rC-
                  | Int-5}
 16839 | Lair:4   | Reached skill level 5 in Evocations
 16933 | Lair:4   | Noticed a catoblepas
 17056 | Lair:4   | Found a staircase to the Slime Pits.
 17314 | Lair:4   | Reached skill level 10 in Spellcasting
 17359 | Lair:4   | Learned a level 4 spell: Iskenderun's Mystic Blast
 17458 | Lair:3   | Learned a level 6 spell: Starburst
 17553 | Lair:4   | Noticed a seven-headed hydra
 17561 | Lair:4   | Killed a seven-headed hydra
 17717 | Lair:4   | Noticed a catoblepas
 17756 | Lair:4   | Killed a catoblepas
 17757 | Lair:4   | Reached skill level 1 in Conjurations
 17757 | Lair:4   | Reached skill level 1 in Fire Magic
 18005 | Lair:4   | Killed a catoblepas
 18006 | Lair:4   | Reached skill level 2 in Fire Magic
 18357 | Lair:5   | Entered Level 5 of the Lair of Beasts
 18674 | Lair:5   | Reached skill level 3 in Fire Magic
 18848 | Lair:5   | Reached XP level 14. HP: 90/90 MP: 12/28
 18962 | Lair:5   | Reached skill level 4 in Fire Magic
 20061 | Lair:5   | Reached skill level 5 in Fire Magic
 20558 | Lair:5   | Reached skill level 5 in Conjurations
 21497 | Lair:5   | Reached skill level 6 in Fire Magic
 21607 | Lair:5   | Identified the ring of Egalitarianism {rC+ Will+ Int+5}
 21878 | D:4      | Bought the ring of the Cicada {Fire rElec Slay+3} for 516
                  | gold pieces
 22732 | Orc:1    | Killed Jorgrun
 23041 | Orc:2    | Found Ekewk's Assorted Antiques.
 23052 | Orc:2    | Bought a scroll labelled BOREOCS BOUTICH for 25 gold pieces
 23052 | Orc:2    | Bought a potion of heal wounds for 125 gold pieces
 23052 | Orc:2    | Bought a potion of magic for 200 gold pieces
 23088 | Orc:2    | Reached skill level 1 in Staves
 24181 | D:12     | Noticed Lodul
 24193 | D:12     | Killed Lodul
 24194 | D:12     | Reached skill level 7 in Fire Magic
 25295 | Orc:2    | Reached XP level 15. HP: 94/94 MP: 4/30
 25505 | Orc:2    | Noticed an orc warlord
 25524 | Orc:2    | Killed an orc warlord
 25750 | Orc:2    | Found a staircase to the Elven Halls.
 26115 | Orc:2    | Found Rozipser's Antique Weapon Emporium.
 26115 | Orc:2    | Found Emeaforr's Weapon Emporium.
 26116 | Orc:2    | Found Konaom's Antique Weapon Shoppe.
 26120 | Orc:2    | Found Xeajaut's Distillery.
 26325 | Orc:2    | Bought the +3 pair of seven-league boots {Rampage+∞} for
                  | 800 gold pieces
 26325 | Orc:2    | Found the +3 pair of seven-league boots {Rampage+∞}
 26423 | D:12     | Reached skill level 8 in Fire Magic
 27399 | D:13     | Reached skill level 9 in Fire Magic
 28020 | D:14     | Found a gate to the Vaults.
 28136 | D:14     | Found Arui's Magic Scroll Shop.
 28163 | D:14     | Found a sparkling altar of Nemelex Xobeh.
 28793 | D:14     | Reached skill level 10 in Fire Magic
 29761 | D:14     | You fall into a shaft and drop 1 floor!
 29761 | D:15     | Entered Level 15 of the Dungeon
 30148 | D:15     | Reached skill level 1 in Long Blades
 30433 | D:15     | Reached skill level 1 in Armour
 30733 | D:15     | Noticed a white very ugly thing
 30736 | D:15     | Killed a purple very ugly thing
 30742 | D:15     | Reached XP level 16. HP: 93/101 MP: 1/31
 31767 | D:15     | Found a staircase to the Depths.
 31960 | D:15     | Found a sacrificial altar of Ru.
 32125 | Shoals:1 | Entered Level 1 of the Shoals
 32125 | Shoals:1 | Found Xiywnup's Assorted Antiques.
 32287 | Shoals:1 | Found Wutot's Magic Scroll Boutique.
 32377 | Shoals:1 | Reached skill level 10 in Conjurations
 32377 | Shoals:1 | Reached skill level 1 in Summonings
 32446 | Shoals:1 | Bought a book of Dangerous Friends for 560 gold pieces
 32836 | Shoals:1 | Bought a scroll of amnesia for 48 gold pieces
 32845 | Shoals:1 | Learned a level 7 spell: Orb of Destruction
 33058 | Shoals:1 | Noticed Nikola
 33069 | Shoals:1 | Killed Nikola
 34420 | Shoals:2 | Reached skill level 5 in Summonings
 34891 | Shoals:3 | Found Gahehech's Book Boutique.
 35017 | Shoals:3 | Acquired 653 gold pieces
 35789 | Orc:2    | Bought the +9 triple sword of Dustra {pain, rCorr} for 1239
                  | gold pieces
 35972 | Shoals:3 | Reached XP level 17. HP: 96/108 MP: 25/32
 36153 | Shoals:4 | Entered Level 4 of the Shoals
 36352 | Shoals:4 | Found the +8 Vampire's Tooth {vamp}
 36444 | Shoals:4 | Noticed Polyphemus
 36485 | Shoals:4 | Learned a level 7 spell: Spellforged Servitor
 36717 | Snake:1  | Entered Level 1 of the Snake Pit
 36863 | Snake:1  | Found Ysyx's Antique Weapon Emporium.
 37098 | Snake:1  | Upgraded the game from 0.30-a0-618-gd6c86c23d0 to
                  | 0.30-a0-622-gddc90eaa04
 37321 | Snake:1  | Found Zipo's Jewellery Emporium.
 37887 | Snake:1  | Found Oxoil's Antique Armour Shoppe.
 37915 | Snake:1  | Found Ruekunli's Weapon Boutique.
 38212 | Snake:1  | Found Nohiat's Armour Emporium.
 38252 | Snake:1  | Found Nyifet's Superior Scales.
 39006 | Snake:2  | Found a shimmering blue altar of Sif Muna.
 39107 | Snake:2  | Reached skill level 1 in Shields
 40174 | Snake:3  | Found Ippuel's Antique Weapon Emporium.
 40864 | Snake:3  | Reached XP level 18. HP: 32/114 MP: 2/34
 41072 | Snake:4  | Entered Level 4 of the Snake Pit
 41386 | Snake:2  | Reached skill level 5 in Shields
 42004 | Snake:2  | Found Nyoddagui's Book Boutique.
 42004 | Snake:2  | Found Podgheo's Jewellery Shoppe.
 42005 | Snake:2  | Found Wavafia's Jewellery Shoppe.
 43012 | D:14     | Reached skill level 10 in Summonings
 45416 | Snake:4  | Noticed Aizul
 45428 | Snake:4  | Killed Aizul
 46255 | Snake:4  | Noticed Saint Roka
 46414 | Snake:4  | Killed Saint Roka
 47447 | Snake:1  | Bought the +2 shield of Resistance {rF++ rC++ Will++} for
                  | 2538 gold pieces
 47447 | Snake:1  | Found the +2 shield of Resistance {rF++ rC++ Will++}
 47949 | Snake:4  | Reached XP level 19. HP: 110/118 MP: 16/35
 47954 | Snake:4  | Noticed Vashnia
 48210 | Snake:4  | Reached skill level 10 in Shields
 48240 | Snake:4  | Killed Vashnia
 49721 | Snake:4  | Got a serpentine rune of Zot
 50001 | Shoals:4 | Killed Polyphemus
 50366 | Shoals:4 | Identified the ring "Boxaeffu" {Drain Fly rC+ rN+++ Str+4}
 51928 | Shoals:4 | Got a barnacled rune of Zot
 52081 | Shoals:4 | Reached skill level 15 in Conjurations
 52728 | Elf:1    | Entered Level 1 of the Elven Halls
 53053 | Orc:2    | Bought the Precepts of the Dolphin for 476 gold pieces
 53319 | Elf:1    | Got Sif Muna's Grimoire of Space
 54043 | Elf:1    | Reached skill level 11 in Fire Magic
 54741 | Elf:2    | Reached XP level 20. HP: 121/125 MP: 24/36
 54907 | Elf:2    | Found a runed translucent gate.
 54909 | Elf:2    | Found a runed translucent gate.
 54909 | Elf:2    | Found a runed translucent gate.
 55138 | Elf:3    | Entered Level 3 of the Elven Halls
 55241 | Elf:3    | Found a portal to a secret trove of treasure.
 56450 | Vaults:1 | Entered Level 1 of the Vaults
 56691 | Depths:1 | Entered Level 1 of the Depths
 57566 | Depths:1 | Reached skill level 5 in Staves
 57846 | Depths:1 | Reached skill level 12 in Fire Magic
 57964 | Depths:1 | Bought 2 scrolls of amnesia for 128 gold pieces
 57975 | Depths:1 | Found a hazy altar of Hepliaklqana.
 59176 | Elf:3    | You paid a toll of a +5 demon whip to enter a treasure
                  | trove
 59177 | Trove    | Entered a treasure trove
 59193 | Trove    | Got Asmodeus's Incunable of Burnt Energy
 59196 | Trove    | Got the Directory of Transmuted Erosion
 59206 | Trove    | Got Xowutaub's Catalogue of the Curse
 59209 | Trove    | Got Sif Muna's Papyrus of Creation and Amathomancy
 59228 | Trove    | Got Sif Muna's Lectures on the Blasted Bonfire
 59245 | Trove    | Got Sif Muna's Essays on Formation and the Summer
 59255 | Trove    | Learned a level 8 spell: Ignition
 59952 | Vaults:1 | Reached skill level 13 in Fire Magic
 62206 | Vaults:2 | Reached XP level 21. HP: 129/129 MP: 25/37
 62221 | Vaults:2 | Identified the +0 robe of the Parsimonious God {-Tele rPois
                  | rC+}
 62432 | Vaults:2 | Found a staircase to the Crypt.
 62506 | Vaults:2 | Identified the +4 dire flail of Day {flame, Fragile rN+++
                  | Dex-2}
 63043 | Vaults:2 | Reached skill level 14 in Fire Magic
 64173 | Crypt:1  | Entered Level 1 of the Crypt
 64806 | Crypt:1  | Found an ancient bone altar of Kikubaaqudgha.
 65313 | Crypt:1  | Noticed Zenata
 65320 | Crypt:1  | Killed Zenata
 65571 | Crypt:1  | Found a runed translucent gate.
 65572 | Crypt:1  | Found a runed translucent gate.
 65573 | Crypt:1  | Found a runed translucent gate.
 65575 | Crypt:1  | Noticed Zivuv's ghost (veteran FoFi)
 66034 | Crypt:2  | Identified the +10 hand axe of Triumph {flame, rF+ rC+}
 66337 | Crypt:2  | Reached skill level 15 in Shields
 66342 | Crypt:2  | Reached skill level 15 in Fire Magic
 67402 | Crypt:3  | Entered Level 3 of the Crypt
 67404 | Crypt:3  | Noticed a dread lich
 67408 | Crypt:3  | Killed a dread lich
 68015 | Crypt:3  | Reached XP level 22. HP: 135/135 MP: 24/39
 68549 | Crypt:3  | Acquired 893 gold pieces
 68551 | Crypt:3  | Acquired 624 gold pieces
 68555 | Crypt:3  | Bought a potion of heal wounds for 65 gold pieces
 68555 | Crypt:3  | Bought a potion of heal wounds for 65 gold pieces
 68557 | Crypt:3  | Bought a pair of ancient boots for 323 gold pieces
 68557 | Crypt:3  | Identified the +2 pair of boots "Fevur" {-Cast Str+6 Dex+7}
                  | (You bought it in a shop on level 3 of the Crypt)
 68982 | Crypt:3  | Found a staircase to the Tomb.
 69443 | Crypt:3  | Reached skill level 16 in Fire Magic
 70828 | Crypt:3  | Found a basalt altar of Yredelemnul.
 70858 | Crypt:3  | Identified the ring of the Harvest {rPois Will- rCorr
                  | Slay+3}
 71648 | Crypt:3  | Reached skill level 17 in Fire Magic
 71725 | Crypt:3  | Identified the ring of Paranoia {+Blink rElec rF- rN+
                  | Str+10}
 71725 | Crypt:3  | Identified the ring "Atod" {rN+ Dex+3}
 72117 | Crypt:3  | Found the +13 scythe of Curses {drain, Drain}
 72127 | Crypt:3  | Got Behetue's Papyrus of Composition and Fire
 73336 | Vaults:2 | Reached skill level 15 in Spellcasting
 73465 | Vaults:3 | Noticed Donald
 73470 | Vaults:3 | Noticed Xtahua
 73476 | Vaults:2 | Killed Donald
 73889 | Vaults:3 | Killed Xtahua
 74184 | Vaults:3 | Reached skill level 18 in Fire Magic
 74419 | Crypt:3  | Bought shimmering fire dragon scales for 2210 gold pieces
 74419 | Crypt:3  | Identified the +0 fire dragon scales of Puff {Rampage rF++
                  | rC- Dex+2} (You bought it in a shop on level 3 of the
                  | Crypt)
 74519 | Vaults:3 | Reached XP level 23. HP: 128/140 MP: 33/42
 74919 | Vaults:3 | Noticed Bai Suzhen
 74926 | Vaults:3 | Killed Bai Suzhen
 75363 | Vaults:3 | Found Sis Xoel's Distillery.
 75401 | Vaults:3 | Bought a potion of heal wounds for 105 gold pieces
 75401 | Vaults:3 | Bought a potion of resistance for 210 gold pieces
 75401 | Vaults:3 | Bought a potion of ambrosia for 168 gold pieces
 75401 | Vaults:3 | Bought a potion of curing for 63 gold pieces
 76324 | Vaults:4 | Reached skill level 19 in Fire Magic
 77423 | Vaults:4 | Noticed Frederick
 77431 | Vaults:4 | Killed Frederick
 77432 | Vaults:4 | Identified the +0 pair of boots of Resourcefulness {rN++
                  | Will- Dex+4}
 78231 | Vaults:4 | Upgraded the game from 0.30-a0-622-gddc90eaa04 to
                  | 0.30-a0-626-gd6a5dd7a1f
 78931 | Elf:3    | Reached skill level 20 in Fire Magic
 78961 | Elf:3    | Reached XP level 24. HP: 146/146 MP: 7/43
 79391 | Elf:3    | Identified the +0 leather armour "Tutacoja" {-Tele Int+5
                  | Dex+2}
 80584 | Elf:3    | Identified the +6 chain mail of the Turtledove {-Tele
                  | Regen+ rCorr Dex-3}
 80945 | Depths:1 | Learned a level 9 spell: Fire Storm
 81729 | Depths:1 | Found a shimmering altar of Xom.
 81762 | Depths:1 | Found a gateway to Hell.
 81875 | Depths:1 | Found a one-way gate leading to the halls of Pandemonium.
 82390 | Depths:2 | Reached skill level 21 in Fire Magic
 82622 | Orc:2    | Bought a Grand Grimoire for 476 gold pieces
 82839 | Depths:2 | Noticed Gucap's ghost (master GrFi)
 82839 | Depths:2 | Identified the +5 great mace "Vorph" {drain, Dex+3}
 82839 | Depths:2 | Found a transporter.
 82842 | Depths:2 | Found a transporter.
 83326 | Depths:2 | Noticed an ancient lich
 83335 | Depths:2 | Killed an ancient lich
 83516 | Depths:2 | Found a one-way gate to the infinite horrors of the Abyss.
 83523 | Depths:2 | Identified the +2 hand axe "Goblinbane" {holy, Str+3}
 83594 | Depths:2 | Noticed an ancient lich
 83614 | Depths:2 | Killed from afar by an ancient lich

Illustrated notes

Levels and vault maps discovered:
D:1:      lightli_arrival_quake, layout_loops_corners
D:2:      layout_basic, chequers_serial_rivers_marsh
D:3:      layout_loops_ring, minmay_misc_feat_four_crosses,
          nicolae_shop_vocational
D:4:      layout_cave_pods, temple_pool_b, serial_shops, kennysheep_little_box,
          nicolae_square_shop, nicolae_shop_window_shopping,
          corexii_corridor_pit
D:5:      gammafunk_cloud_chamber, layout_loops_corners, portal_sewer_entry_b
D:6:      layout_loops_ring, uniq_blork_the_orc, uniq_duvessa
D:7:      layout_loops_ring, uniq_maggie, uniq_joseph
D:8:      layout_layer_cave, enter_bailey_2
D:9:      layout_basic, gammafunk_temple_overflow_pools
D:10:     layout_grid_maze, orc_0_dummy, serial_shops, shop
D:11:     layout_grid_maze, erik_lair_orcish_takeover, uniq_nergalle
D:12:     layout_long_grid, uniq_lodul
D:13:     kennysheep_big_flooded_room, layout_loops_ring
D:14:     layout_stronghold, erik_vaults_2, serial_shops, shop,
          nemelex_xobeh_ov_fountains_minmay, columned_hall_lemuel,
          nicolae_two_hexagons, ice2_lemuel
D:15:     gammafunk_enter_depths_forms, layout_gridville, moated_statue,
          nicolae_ru_path_of_blood
Temple:   nicolae_temple_slightly_damp_pantheon
Lair:1:   layout_cave_pods, gammafunk_ghost_necromancy,
          portal_ice_cave_entry_pillars_2, gammafunk_lair_bear_cave
Lair:2:   layout_regular_city, nicolae_snake_entry_warm_welcome,
          grunt_megastairs_4, infiniplex_staircase_pool, uniq_urug
Lair:3:   minmay_lair_oklob_tunnel, layout_regular_city,
          elwin_shoals_entry_rocks, chequers_serial_rivers_micro_b,
          grunt_megastairs_2
Lair:4:   nzn_motion_control, layout_big_grid, slime_entry_1,
          serial_bayou_shore_a
Lair:5:   minmay_lair_end_frog_pond, layout_gridlike
Shoals:1: layout_shoals, serial_shops, shop, nicolae_shop_waterfront,
          uniq_nikola
Shoals:2: layout_shoals, nzn_prometheus_bound
Shoals:3: layout_shoals, serial_shops, nicolae_shop_window_shopping
Shoals:4: shoals_end_simple, layout_shoals, uniq_polyphemus
Snake:1:  layout_grid_shapes, serial_shops, nicolae_shop_waterfront,
          nicolae_diamond_shop, nicolae_shop_stone, shop_fountains,
          hellmonk_scale_shop, minmay_shop_star, lemuel_fruit_tree
Snake:2:  layout_honeycomb, basic_altar, minmay_shop_grove, serial_bayou_shore_b
Snake:3:  layout_cave_town, serial_shops, nicolae_shop_behind_doors,
          nicolae_snake_round_shape_thing
Snake:4:  grunt_snake_rune_serpentine_throne, layout_cave_town,
          nicolae_snake_gridmaze_big_u, uniq_saint_roka, uniq_aizul
Orc:1:    layout_caves, nicolae_orc_damp_corner, mines2_david, uniq_maurice,
          uniq_jorgrun
Orc:2:    st_orc_mages, layout_diamond_mine, serial_shops, shop
Elf:1:    nicolae_elf_arrival_no_cutting_in_line, layout_geoelf_diagonals,
          kennysheep_underground_church, grunt_megastairs_3
Elf:2:    nicolae_elf_blades_crystal_corner, layout_gridlike
Elf:3:    grunt_elf_hall_branching, layout_geoelf_castle,
          trove_entry_hex_spiral, serial_glass, glass_columns_a,
          glass_columns_a, glass_columns_b, minivault_27
Vaults:1: vaults_room_door_hall, nicolae_vaults_gold_heap,
          ontoclasm_vaults_chip, vaults_room_stairs_pillars,
          nicolae_vaults_ring_of_whatevers, vaults_room_semicircle,
          layout_vaults_quadrants
Vaults:2: minmay_crypt_entry_simple_sparse, v_alt_pattern_6,
          vaults_room_corners, hangedman_vaults_corner, ontoclasm_vaults_fault,
          nicolae_vaults_circle_grid_a, vaults_dpeg_spiral,
          nicolae_vaults_network_periphery, v_misc_33, dpeg_vaults_monster_box,
          vaults_room_door_ring, nicolae_vaults_rhombus_6,
          ontoclasm_vaults_ring_square, layout_vaults_omnibox
Vaults:3: vaults_room_stairs_pillars, nicolae_vaults_alarming, v_misc_9,
          vaults_room_fours, v_pattern_2, hangedman_vaults_hard_town_square,
          ontoclasm_vaults_spin, ontoclasm_vaults_idyll, hangedman_vaults_nails,
          ontoclasm_vaults_decontamination, layout_vaults_big_cross,
          serial_shops, nicolae_shop_window_shopping, uniq_donald, uniq_margery,
          uniq_bai_suzhen, uniq_xtahua
Vaults:4: vaults_mumra_minichess, ontoclasm_vaults_hangar,
          nicolae_vaults_diagonal_hallway_8, v_misc_1, vaults_room_large_hall,
          v_misc_19, st_spiral_rooms, v_misc_22, grunt_vaults_bifocal,
          ontoclasm_vaults_loading_screen, hangedman_vaults_locks, v_misc_19,
          hangedman_vaults_snaps, vaults_mumra_hex, layout_vaults_maze_snakey,
          uniq_frederick
Crypt:1:  layout_basic, gammafunk_ghost_spectres, basic_altar,
          roderic_lattice_octagonal_star, uniq_zenata
Crypt:2:  layout_chaotic_city, amcnicky_mini_pool_small
Crypt:3:  church_of_pain_bobbens, layout_chaotic_city,
          nicolae_tomb_entry_unfolded_pyramid_orthogonal
Depths:1: layout_basic, rand_demon_pan_entry_8, pf_coc_iceberg,
          hangedman_abyss_or_decor_lesser_grid, grunt_ministairs_6,
          lemuel_statue_altar, nicolae_hepliaklqana_monster_ancestors
Depths:2: minmay_the_grid_3x2 [minmay_the_grid_slots, minmay_the_grid_tri_star,
          minmay_the_grid_garden, minmay_the_grid_fan,
          minmay_the_grid_outer_circle, minmay_the_grid_prize_trominoes],
          layout_honeycomb, gammafunk_ghost_smash, pan_entry,
          minmay_crystal_room, abyss_entry, hell_entry,
          kennysheep_cluttered_room, uniq_enchantress

Skill      XL: |  1  2  3  4  5  6  7  8  9 10 11 12 13 14 15 16 17 18 19 20 21 22 23 24 |
---------------+-------------------------------------------------------------------------+-----
Earth Magic    | 4 5 6 8 9 |  9.3
Spellcasting   | 3 4 5 6 7 9 10 11 12 13 15 16 17 | 17.7
Translocations | 1 2 3 5 6 8 10 11 | 11.5
Stealth        | 3 4 5 7 8 9 |  9.0
Fighting       | 1 3 4 6 7 |  7.0
Short Blades   | 1 2 4 5 |  5.8
Dodging        | 2 4 5 |  5.2
Hexes          | 2 4 5 6 |  6.7
Evocations     | 2 7 9 |  9.2
Conjurations   | 3 7 9 11 13 14 15 | 15.1
Fire Magic     | 3 7 10 11 13 15 18 20 21 | 21.1
Staves         | 1 3 6 |  6.5
Long Blades    | 1 3 |  3.4
Armour         | 1 3 |  3.0
Summonings     | 5 9 11 12 13 | 13.3
Shields        | 4 9 12 13 15 | 15.6
Transmutations | |  1.1

Action                   |  1- 3 |  4- 6 |  7- 9 | 10-12 | 13-15 | 16-18 | 19-21 | 22-24 || total
-------------------------+-------+-------+-------+-------+-------+-------+-------+-------++-------
Melee: Unarmed           |     1 |       |       |       |       |       |       |       ||     1
       Dagger            |       |     5 |     1 |       |       |       |       |       ||     6
       Rapier            |       |       |       |    24 |    27 |     4 |       |       ||    55
       Staff             |       |       |       |       |   117 |    71 |   401 |   487 ||  1076
       Punch             |       |       |       |       |     1 |     1 |       |       ||     2
       Triple sword      |       |       |       |       |       |    74 |     5 |       ||    79
       Quick blade       |       |       |       |       |       |     1 |     4 |     4 ||     9
 Cast: Sandblast         |    44 |    76 |   111 |   354 |   138 |       |       |       ||   723
       Passwall          |       |       |     1 |     1 |     1 |       |       |       ||     3
       Gell's Gravitas   |       |       |       |    17 |    17 |       |       |       ||    34
       Leda's Liquefacti |       |       |       |    17 |     7 |     2 |       |       ||    26
       Dazzling Flash    |       |       |       |     5 |       |       |       |       ||     5
       Stone Arrow       |       |       |       |     2 |       |       |       |       ||     2
       Dispersal         |       |       |       |     1 |       |     3 |     8 |     6 ||    18
       Iskenderun's Myst |       |       |       |       |   265 |    11 |    69 |    51 ||   396
       Vhi's Electric Ch |       |       |       |       |     6 |       |     1 |     1 ||     8
       Starburst         |       |       |       |       |    77 |   265 |    36 |    70 ||   448
       Orb of Destructio |       |       |       |       |       |    50 |   184 |   137 ||   371
       Spellforged Servi |       |       |       |       |       |    14 |    69 |    39 ||   122
       Ignition          |       |       |       |       |       |       |       |    41 ||    41
Invok: Potion Petition   |       |       |       |     1 |       |       |       |     3 ||     4
       Call Merchant     |       |       |       |     1 |     2 |     1 |     1 |     2 ||     7
 Abil: Dig               |       |       |       |     1 |       |     1 |       |       ||     2
Evoke: Condenser vane    |       |       |       |       |     2 |     1 |     1 |     1 ||     5
       Wand              |       |       |       |       |       |       |     4 |       ||     4
  Use: Scroll            |       |     8 |     2 |    10 |     8 |     2 |     7 |     3 ||    40
       Potion            |       |     4 |     1 |     3 |     7 |     2 |     2 |     3 ||    22
 Stab: Sleeping          |       |       |     1 |     4 |     1 |     1 |     3 |     7 ||    17
       Invisible         |       |       |       |     2 |       |       |       |       ||     2
       Distracted        |       |       |       |     1 |     2 |     1 |     5 |     9 ||    18
Armor: Robe              |     3 |     5 |    12 |    52 |       |       |       |       ||    72
       Skin              |       |       |     5 |       |       |       |       |     1 ||     6
       Steam dragon scal |       |       |       |     9 |   138 |   149 |   174 |   149 ||   619
Dodge: Dodged            |     3 |    17 |    27 |   151 |   224 |   270 |   222 |   171 ||  1085
Block: Kite shield       |       |       |       |       |       |       |   364 |   338 ||   702

Table legend: (Time is in decaauts)
 A = Elapsed time spent in this place.
 B = Non-inter-level travel time spent in this place.
 C = Inter-level travel time spent in this place.
 D = Time resting spent in this place.
 E = Time spent auto-exploring this place.
 F = Levels seen in this place.
 G = Mean time per level.
                   A        B        C        D        E       F      G
               +--------+--------+--------+--------+--------+-----+--------+
         Total |  84603 |  75274 |   9329 |  23050 |  36950 |  47 | 1800.1 |
       Dungeon |  21959 |  18318 |   3641 |   3994 |  11013 |  15 | 1463.9 |
        Temple |    178 |    165 |     13 |      0 |    134 |   1 |  178.0 |
          Lair |  10541 |   8841 |   1700 |   3073 |   3745 |   5 | 2108.2 |
        Shoals |   8337 |   7421 |    916 |   2637 |   3260 |   4 | 2084.2 |
     Snake Pit |  10457 |   9780 |    677 |   3740 |   4158 |   4 | 2614.2 |
  Orcish Mines |   3619 |   2992 |    627 |   1127 |   1111 |   2 | 1809.5 |
   Elven Halls |   6174 |   5467 |    707 |   1330 |   2855 |   3 | 2058.0 |
        Vaults |   9650 |   9105 |    545 |   1881 |   5690 |   4 | 2412.5 |
         Crypt |   8807 |   8468 |    339 |   3184 |   3640 |   3 | 2935.7 |
        Depths |   4239 |   4079 |    160 |   1842 |   1269 |   2 | 2119.5 |
         Trove |     88 |     88 |      0 |      0 |      0 |   1 |   88.0 |
         Sewer |    155 |    155 |      0 |     57 |     37 |   1 |  155.0 |
        Bailey |    391 |    391 |      0 |    184 |     36 |   1 |  391.0 |
      Ice Cave |      2 |      2 |      0 |      0 |      0 |   1 |    2.0 |
               +--------+--------+--------+--------+--------+-----+--------+

Top non-repeatable levels by time:
 Crypt:3: 4019 daAuts
 Snake:4: 3981 daAuts
Depths:1: 3556 daAuts
   Elf:3: 3138 daAuts
  Lair:4: 3040 daAuts
    D:14: 2837 daAuts
 Crypt:2: 2801 daAuts
Vaults:2: 2798 daAuts
Shoals:4: 2695 daAuts
    D:15: 2667 daAuts
 Snake:1: 2547 daAuts
Vaults:1: 2497 daAuts
 Snake:3: 2326 daAuts
Vaults:3: 2284 daAuts
  Lair:5: 2236 daAuts
